 Dungeon Crawl Stone Soup version 0.14.1-24-gbdbe590 (webtiles) character file.

1321 Dustman the Cruncher (level 8, -5/57 (58) HPs)
             Began as a Human Chaos Knight on June 28, 2014.
             Was a Plaything of Xom.
             Shot with an arrow by a centaur (10 damage)
             ... on Level 5 of the Dungeon.
             The game lasted 00:31:36 (3099 turns).

Dustman the Cruncher (Human Chaos Knight)           Turns: 3099, Time: 00:31:36

HP  -5/57 (58)   AC 11     Str 19      XL: 8   Next: 44%
MP   8/8         EV 11     Int 14      God: Xom
Gold 313         SH  0     Dex 12      Spells:  0 memorised,  7 levels left

rFire  . . .     SeeInvis .     k - +4,+5 quarterstaff (chaos)
rCold  . . .     Clarity  .     b - +2 leather armour
rNeg   . . .     Conserve .     (no shield)
rPois  .         rCorr    .     x - +1 helmet
rElec  .         rRot     .     p - +2 cloak
SustAb . .       Spirit   .     (no gloves)
rMut   .         Warding  .     u - +0 pair of boots
Saprov . . .     Stasis   .     (no amulet)
MR     .....                    (no ring)
                                (no ring)

@: mighty, very slightly contaminated, not resistant to hostile enchantments,
very unstealthy
A: blurry vision 1, herbivore 1, fast metabolism 1
a: Renounce Religion


You were on level 5 of the Dungeon.
You worshipped Xom.
You were Xom's teddy bear.
You were not hungry.

You visited 1 branch of the dungeon, and saw 5 of its levels.

You collected 313 gold pieces.

Inventory:

Hand weapons
 a - a +0,+0 spear of chaos
 k - a +4,+5 quarterstaff of chaos (weapon)
Armour
 b - a +2 leather armour (worn)
 o - a +0 shield
 p - a +2 cloak (worn)
 u - a +0 pair of boots (worn)
 x - a +1 helmet (worn)
Magical devices
 f - a wand of random effects (10)
Comestibles
 c - 3 bread rations
 s - a meat ration
 t - a pear
 w - a chunk of iguana flesh
Scrolls
 d - a scroll of magic mapping
 i - 2 scrolls of fog
 j - a scroll of remove curse
 l - a scroll of teleportation
 q - a scroll of identify
Potions
 n - a potion of porridge


   Skills:
 - Level 3.0 Fighting
 - Level 4.7 Polearms
 + Level 9.0 Staves
 - Level 2.0 Armour
 - Level 1.0 Dodging
   Level 1.2 Shields


You had 7 spell levels left.
You didn't know any spells.

Dungeon Overview and Level Annotations

Branches:
Dungeon (5/15)
 Temple: D:4-7

Altars:
Vehumet

Annotations:
D:4 Sigmund


Innate Abilities, Weirdness & Mutations

Your vision is a little blurry.
You digest meat inefficiently.
You have a fast metabolism.


Message History

A centaur comes into view.
The centaur wields a bow.
The centaur shoots an arrow.
The arrow misses you.
The centaur shoots an arrow.
The arrow misses you.
You see here 2 arrows.
Evoke which item? (* to show all) (? for menu, Esc to quit)
Zapping:
f - a wand of random effects (12)
Press: ? - help, Shift-Dir - straight line, f - centaur
Aim: a centaur, wielding a bow The centaur resists with significant effort.
This wand has 11 charges left.
The centaur shoots an arrow.
The arrow hits you!
* * * LOW HITPOINT WARNING * * *
Evoke which item? (* to show all) (? for menu, Esc to quit)
Zapping:
f - a wand of random effects (11)
Press: ? - help, Shift-Dir - straight line, f/p - centaur
Aim: a centaur, wielding a bow The puff of flame hits the centaur.
The centaur is moderately wounded.
This wand has 10 charges left.
The centaur shoots an arrow.
The arrow hits you!
You die...
Xom cackles wildly!

#...............#**,, ,,
####..............,,,, ,,
##.................,,,,,,
#.............c...., ,,,,,
###...........$....,, ,,,,,
#.................,,,,,,,,,
#.###.............,,,,,,,,,
###.#..............,,,,,,,
#.....%...@........,,,,,,,,
#####.##...........,, ,,,,,
##...#.................,,,
##.................[.......
#.....####.................
#...###..###...............
#..##......##..............
#......##..................
#.....####....#............


You could see a centaur.

Vanquished Creatures
  The ghost of efrs the Firebug, an experienced DEFE (D:5)
  Menkaure (D:4)
  2 phantoms
  A hound (D:5)
  Crazy Yiuf (D:2)
  2 iguanas
  A worker ant (D:5)
  Ijyb (D:4)
  3 gnolls (D:4)
  9 adders
  A worm (D:2)
  An adder skeleton (D:4)
  2 giant geckos
  An orc (D:3)
  4 giant cockroaches
  12 goblins
  10 hobgoblins
  9 jackals
  4 quokkas
  8 bats
  7 giant newts
  9 kobolds
  An orc skeleton (D:4)
  4 rats
  A rat zombie (D:5)
96 creatures vanquished.

Vanquished Creatures (collateral kills)
  A hobgoblin (D:1)
1 creature vanquished.

Vanquished Creatures (others)
  2 ufetubi (D:4)
  A rat (D:3)
3 creatures vanquished.

Grand Total: 100 creatures vanquished

Notes
Turn   | Place    | Note
--------------------------------------------------------------
     0 | D:1      | Dustman, the Human Chaos Knight, began the quest for the Orb.
     0 | D:1      | Reached XP level 1. HP: 18/18 MP: 1/1
    54 | D:1      | Reached XP level 2. HP: 16/24 MP: 2/2
   310 | D:1      | Reached skill level 4 in Polearms
   310 | D:1      | Reached XP level 3. HP: 21/29 MP: 3/3
   332 | D:1      | XOM: divination: detect creatures
   387 | D:1      | XOM: vitrification
   835 | D:2      | XOM: divination: detect creatures
   890 | D:2      | XOM: divination: detect creatures
   935 | D:2      | Noticed Crazy Yiuf
   945 | D:2      | Killed Crazy Yiuf
   945 | D:2      | Reached skill level 1 in Shields
   945 | D:2      | Reached XP level 4. HP: 2/35 MP: 4/4
   999 | D:2      | XOM: vitrification
  1329 | D:2      | Reached skill level 1 in Staves
  1403 | D:3      | Reached XP level 5. HP: 33/41 MP: 5/5
  1444 | D:3      | Found a radiant altar of Vehumet.
  1569 | D:3      | XOM: divination: magic mapping
  1700 | D:3      | XOM: harmless Erth miscast
  1706 | D:3      | XOM: mild Necr miscast
  2172 | D:4      | Noticed Sigmund
  2186 | D:4      | XOM: summons 5 friendly demons
  2296 | D:4      | Noticed Ijyb
  2317 | D:4      | Killed Ijyb
  2317 | D:4      | Reached XP level 6. HP: 41/46 MP: 6/6
  2337 | D:4      | Reached skill level 5 in Staves
  2357 | D:4      | XOM: divination: magic mapping
  2541 | D:3      | XOM: silly message
  2768 | D:4      | XOM: potion effect (brilliance)
  2770 | D:4      | XOM: swap monsters
  2778 | D:4      | Reached skill level 6 in Staves
  2783 | D:4      | Noticed Menkaure
  2787 | D:4      | XOM: harmless Pois miscast
  2790 | D:4      | Killed Menkaure
  2790 | D:4      | Reached XP level 7. HP: 51/51 MP: 7/7
  2799 | D:4      | XOM: potion effect (might)
  2860 | D:5      | Entered Level 5 of the Dungeon
  2993 | D:5      | Reached skill level 7 in Staves
  3037 | D:5      | XOM: god gift: scroll labeled XOOTIHAECK
  3044 | D:5      | Noticed efrs' ghost (experienced DEFE)
  3048 | D:5      | Gained mutation: You digest meat inefficiently. [potion of mutation]
  3048 | D:5      | Gained mutation: Your vision is a little blurry. [potion of mutation]
  3048 | D:5      | Gained mutation: You have a fast metabolism. [potion of mutation]
  3061 | D:5      | XOM: potion effect (might)
  3068 | D:5      | Killed efrs' ghost
  3068 | D:5      | Reached skill level 9 in Staves
  3068 | D:5      | Reached XP level 8. HP: 27/57 MP: 8/8
  3099 | D:5      | Shot with an arrow by a centaur

Action                   |  1- 3 |  4- 6 |  7- 9 || total
-------------------------+-------+-------+-------++-------
Melee: Spear             |   141 |       |       ||   141
       Quarterstaff      |       |   140 |    26 ||   166
Evoke: Wand              |       |     8 |     2 ||    10
  Use: Potion            |     1 |     7 |     2 ||    10
       Scroll            |       |       |    10 ||    10
 Stab: Paralysed         |     4 |       |       ||     4
